Map: Prion Terraces

Players

Grumm - Winner!

  • Race: Terran Terran
  • League: Gold

PuGGerNAUT

  • Race: Protoss Protoss
  • League: Silver

VOD

Have the link to the VOD?

Description

Time

  • Played on: Jan. 21, 2016, 8:40 p.m.
  • Length: 8:15
Show
View Real Time Build Order
Export as new Build Order

Grumm Terran - Winner!

Build Orders: Command Center First (CC) 

Get SALT Encoding   

  12  0:01  SCV  
  13  0:18  Supply Depot  
  13  0:20  SCV  
  14  0:32  Refinery, SCV  
  15  1:06  Command Center  
  15  1:09  SCV  
  16  1:23  Barracks  
  16  1:40  Supply Depot  
  16  1:45  Engineering Bay  
  16  1:48  SCV  
  17  2:12  Marine  
  18  2:24  SCV  
  18  2:25  SCV  
  18  2:28  Hi-Sec Auto Tracking  
  20  2:58  Barracks  
  20  3:07  Planetary Fortress  
  19  3:23  SCV  
  19  3:25  Marine  
  20  3:35  SCV  
  21  3:43  Marine  
  21  3:45  Marine  
  21  3:46  SCV  
  23  4:01  Marine  
  24  4:03  Marine  
  24  4:13  SCV  
  23  4:19  Marine  
  23  4:21  Marine  
  24  4:36  SCV  
  24  4:38  Missile Turret  
  21  4:52  Marine  
  21  4:55  SCV  
  21  4:57  Marine  
  23  5:02  Barracks  
  23  5:05  Barracks  
  23  5:08  Barracks  
  23  5:10  Marine  
  23  5:15  Marine  
  22  5:24  SCV  
  22  5:28  Marine  
  23  5:33  Marine  
  23  5:43  SCV  
  23  5:46  Marine  
  25  5:50  Marine  
  25  5:55  SCV  
  26  6:04  Marine  
  26  6:07  SCV  
  26  6:08  Marine  
  29  6:15  Marine x3  
  31  6:19  SCV  
  32  6:26  Marine  
  32  6:31  SCV  
  34  6:32  Marine  
  34  6:33  Marine x2  
  35  6:43  SCV  
  35  6:51  Barracks Reactor  
  35  6:52  Barracks Tech Lab  
  35  6:53  Barracks Tech Lab  
  35  6:55  SCV  
  35  6:58  Refinery  
  36  7:08  Marine, SCV  
  38  7:20  SCV  
  38  7:26  Marine  
  39  7:32  SCV  
  37  7:44  Marine, SCV  
Show
View Real Time Build Order
Export as new Build Order

PuGGerNAUT Protoss 

Build Orders:  

Get SALT Encoding   

  12  0:01  Probe (Chrono Boost)  
  13  0:12  Probe (Chrono Boost)  
  14  0:19  Pylon  
  14  0:25  Probe (Chrono Boost)  
  15  0:37  Probe (Chrono Boost)  
  16  0:50  Gateway, Probe (Chrono Boost)  
  16  0:52  Assimilator  
  17  1:05  Probe (Chrono Boost)  
  18  1:18  Probe (Chrono Boost)  
  19  1:44  Cybernetics Core, Zealot  
  21  1:59  Nexus  
  21  2:01  Probe (Chrono Boost)  
  21  2:06  Assimilator  
  22  2:19  Pylon  
  22  2:35  Mothership Core (Chrono Boost)  
  23  2:45  Warp Gate (Chrono Boost)  
  23  3:04  Stalker  
  23  3:09  Pylon  
  25  3:29  Forge  
  25  3:38  Probe  
  25  3:39  Probe  
  22  3:51  Probe  
  15  4:22  Pylon  
  12  4:48  Stalker  
  13  5:15  Photon Cannon  
  13  5:16  Photon Cannon  
  13  5:21  Photon Cannon  
  13  5:35  Stalker  
  14  5:47  Probe  
  10  6:53  Probe (Chrono Boost)  
  11  7:05  Probe (Chrono Boost)  
  12  7:17  Probe (Chrono Boost)  
  12  7:21  Pylon  
  13  7:33  Stalker  
Tags
 
Add a new tag
Caveats
  • Supply blocks, unpowered buildings, or Contaminate may cause inaccurate times.
  • Supply counts are checked every 10 seconds.